[Event "Titled Tuesday Blitz June 1 2021"]
[White "Kovalev, Vladislav"]
[Black "Nevednichy, Vladislav"]
[WhiteFideId "13504398"]
[BlackFideId "1205730"]
[WhiteElo "2573"]
[BlackElo "2366"]
[Result "1-0"]
[Round "06"]
[TimeControl "180+1"]
[Date "2021.06.01"]
[WhiteClock "0:00:16"]
[BlackClock "0:00:38"]

1. e4 c5 2. Be2 d5 3. d3 dxe4 4. dxe4 Qxd1+ 5. Bxd1 b6 6. c3 Bb7 7. f3 e6 8. Bf4 Nd7 9. Na3 e5 10. Be3 O-O-O 11. Bb3 f6 12. O-O-O g6 13. Be6 Bc6 14. Kb1 Kc7 15. Ne2 Bh6 16. Bf2 Ne7 17. h4 Nb8 18. Rxd8 Rxd8 19. h5 g5 20. Be3 Kd6 21. Bf7 Kc7 22. Ng3 Nd7 23. Bc4 Nb8 24. Be6 Nd7 25. Nf5 Nxf5 26. Bxf5 Nf8 27. Kc2 Bd7 28. Rd1 Bxf5 29. Nb5+ Kc8 30. Nxa7+ Kc7 31. Nb5+ Kc8 32. Rxd8+ Kxd8 33. exf5 Kd7 34. c4 Kc6 35. Nc3 Nd7 36. Kd3 Bf8 37. Ne4 Be7 38. Kc3 Nb8 39. a3 Na6 40. Kb3 Nc7 41. Bd2 Ne8 42. Kc2 Ng7 43. g4 Ne8 44. b4 Nd6 45. Kd3 Nb7 46. b5+ Kc7 47. Nc3 Bd8 48. Nd5+ Kd7 49. a4 h6 50. Kc2 Nd6 51. Kd3 Nb7 52. Be1 Kd6 53. Bf2 Kd7 54. Be3 Kd6 55. Kc2 Kd7 56. Kc3 Kd6 57. Bd2 Kd7 58. Kb3 Nd6 59. a5 bxa5 60. Be3 Nb7 61. Ka4 Kd6 62. Bd2 Kd7 63. b6 Kc6 64. Bxa5 Nd6 65. b7 Nxb7 66. Bxd8 Nxd8 67. Nxf6 Nb7 68. Ne4 Nd8 69. Ka5 Nb7+ 70. Ka6 Nd8 71. Ka7 Kc7 72. Nxc5 Nc6+ 73. Ka6 Nd4 74. Ne6+ Kd6 75. c5+ Kc6 76. Nxg5 hxg5 77. h6 Nxf3 78. h7 e4 79. h8=Q e3 80. Qa8+ Kxc5 81. Qxf3 1-0


[Site "https://www.chess.com"]

[Event "Titled Tuesday Blitz June 1 2021"]
[White "Kretov, Evgenij"]
[Black "Sychev, Klementy"]
[WhiteFideId "4167821"]
[BlackFideId "4114060"]
[WhiteElo "2381"]
[BlackElo "2615"]
[Result "0-1"]
[Round "06"]
[TimeControl "180+1"]
[Date "2021.06.01"]
[WhiteClock "0:01:38"]
[BlackClock "0:02:11"]

1. d4 Nf6 2. c4 g6 3. Nc3 Bg7 4. e4 d6 5. Be2 O-O 6. Bg5 h6 7. Be3 Nbd7 8. Qd2 c5 9. d5 Kh7 10. h3 b5 11. cxb5 a6 12. a4 Qa5 13. Nf3 axb5 14. Bxb5 Nxe4 15. Nxe4 Qxb5 16. axb5 Rxa1+ 17. Ke2 Rxh1 18. b4 Rb1 19. bxc5 Rb2 20. c6 Rxd2+ 21. Nfxd2 f5 0-1


[Site "https://www.chess.com"]

[Event "Titled Tuesday Blitz June 1 2021"]
[White "Kukhmazov, Arsen"]
[Black "tapu2"]
[WhiteFideId "24108260"]
[WhiteElo "2453"]
[BlackElo "2656"]
[Result "1-0"]
[Round "06"]
[TimeControl "180+1"]
[Date "2021.06.01"]
[WhiteClock "0:00:57"]
[BlackClock "0:00:48"]

1. d4 Nf6 2. c4 e6 3. Nf3 d5 4. g3 Bb4+ 5. Bd2 a5 6. Bg2 O-O 7. O-O dxc4 8. Qc2 Bxd2 9. Qxd2 b5 10. a4 c6 11. Nc3 b4 12. Nd1 Ba6 13. Qc2 Nbd7 14. Ne3 c5 15. Rfd1 Rc8 16. d5 exd5 17. Nxd5 Nxd5 18. Rxd5 Qe7 19. Rad1 Nf6 20. Rd6 Bb7 21. Qxc4 Rcd8 22. Rxd8 Rxd8 23. Rxd8+ Qxd8 24. Qxc5 Qd1+ 25. Bf1 Qxa4 26. Ne5 g6 27. Qe7 Qe8 28. Qxf6 1-0


[Site "https://www.chess.com"]

[Event "Titled Tuesday Blitz June 1 2021"]
[White "Lazavik, Denis"]
[Black "Pajeken, Jakob Leon"]
[WhiteFideId "13515110"]
[BlackFideId "12942839"]
[WhiteElo "2436"]
[BlackElo "2024"]
[Result "1-0"]
[Round "06"]
[TimeControl "180+1"]
[Date "2021.06.01"]
[WhiteClock "0:00:07"]
[BlackClock "0:00:02"]

1. d4 d5 2. c4 dxc4 3. Nf3 a6 4. e3 Bg4 5. Bxc4 e6 6. h3 Bh5 7. Nc3 Nc6 8. O-O Nf6 9. Re1 Be7 10. g4 Bg6 11. e4 O-O 12. a3 b5 13. Bb3 b4 14. axb4 Bxb4 15. Bc2 a5 16. Bf4 Rb8 17. Re3 Qc8 18. Ne5 Nxe5 19. Bxe5 Nd7 20. Bg3 f5 21. exf5 exf5 22. Nd5 Rb5 23. Nxc7 f4 24. Bxg6 Qxc7 25. Bd3 fxg3 26. Bxb5 gxf2+ 27. Kf1 Qb7 28. Bxd7 Qxd7 29. Rf3 Rxf3 30. Qxf3 Be1 31. Rd1 Qb5+ 32. Kg2 Qxb2 33. d5 Bb4 34. Qxf2 Qe5 35. Qf3 Bd6 36. Kf1 g6 37. Re1 Qd4 38. Qf2 Qc4+ 39. Kg2 Qf4 40. Qxf4 Bxf4 41. Ra1 Bc7 42. Rc1 Bd6 43. Rc6 Bb4 44. d6 Kf7 45. Rc7+ Ke6 46. Rxh7 Bxd6 47. Ra7 Bb4 48. Kf3 Kf6 49. Kf4 Bd2+ 50. Ke4 Kg5 51. Kf3 Kh4 52. Kg2 Kg5 53. Rd7 Bb4 54. Kg3 Be1+ 55. Kf3 Bb4 56. Rd5+ Kh4 57. Kg2 a4 58. Rd4 Bc3 59. Rxa4 Bf6 60. Ra6 1-0


[Site "https://www.chess.com"]

[Event "Titled Tuesday Blitz June 1 2021"]
[White "Le, Tuan Minh"]
[Black "Blohberger, Felix"]
[WhiteFideId "12401153"]
[BlackFideId "1632051"]
[WhiteElo "2450"]
[BlackElo "2434"]
[Result "1-0"]
[Round "06"]
[TimeControl "180+1"]
[Date "2021.06.01"]
[WhiteClock "0:00:15"]
[BlackClock "0:00:02"]

1. d4 Nf6 2. Nf3 d5 3. Bf4 c6 4. e3 Bf5 5. c4 e6 6. Nc3 Nbd7 7. Be2 Be7 8. h3 h6 9. O-O O-O 10. Qb3 Qc8 11. Rac1 a5 12. a3 Re8 13. cxd5 exd5 14. Nb5 Rf8 15. Nd6 Bxd6 16. Bxd6 Re8 17. Rfe1 Ne4 18. Bh2 Nf8 19. Ne5 Ng6 20. Nd3 Nh4 21. Qd1 g5 22. Bf1 a4 23. f3 Nf6 24. Nc5 h5 25. e4 dxe4 26. fxe4 Nxe4 27. Qxh5 Bg6 28. Nxe4 Bxh5 29. Nf6+ Kg7 30. Nxe8+ Qxe8 31. Rxe8 Rxe8 32. Bg3 Nf5 33. Bf2 Rd8 34. g4 Nxd4 35. Bxd4+ Rxd4 36. gxh5 Kh6 37. Rc4 Rxc4 38. Bxc4 Kxh5 39. Bxf7+ Kh4 40. Be6 Kg3 41. Kf1 Kf3 42. Ke1 Ke3 43. Bc8 b6 44. Bd7 Kd3 45. Kd1 b5 46. Bxc6 Kc4 47. Kc2 1-0


[Site "https://www.chess.com"]

[Event "Titled Tuesday Blitz June 1 2021"]
[White "Lovkov, Roman"]
[Black "Ibrahimli, Murad"]
[WhiteFideId "4157389"]
[BlackFideId "13410229"]
[WhiteElo "2387"]
[BlackElo "2109"]
[Result "0-1"]
[Round "06"]
[TimeControl "180+1"]
[Date "2021.06.01"]
[WhiteClock "0:00:03"]
[BlackClock "0:00:59"]

1. e4 c5 2. c3 d5 3. exd5 Qxd5 4. Nf3 g6 5. Na3 Bg7 6. Bc4 Qd8 7. O-O Nf6 8. d4 cxd4 9. Nb5 a6 10. Nbxd4 O-O 11. Re1 b5 12. Bb3 Bb7 13. a4 bxa4 14. Rxa4 Nbd7 15. Ra3 Nc5 16. Ba2 a5 17. Ne5 e6 18. Qe2 Nd5 19. Nec6 Qd7 20. Bxd5 exd5 21. Qb5 Ne6 22. Nxa5 Qxb5 23. Nxb5 Ba6 24. Nd6 Rfd8 25. Nab7 Rd7 26. Nxf7 Kxf7 27. Rxe6 Bxb7 28. Rxa8 Bxa8 29. Ra6 Bb7 30. Ra7 d4 31. c4 d3 32. Bd2 Bxb2 33. f3 Bd4+ 0-1


[Site "https://www.chess.com"]

[Event "Titled Tuesday Blitz June 1 2021"]
[White "Makhnev, Denis"]
[Black "Dang, Hoang Son"]
[WhiteFideId "13707647"]
[BlackFideId "12402435"]
[WhiteElo "2549"]
[BlackElo "2248"]
[Result "1/2-1/2"]
[Round "06"]
[TimeControl "180+1"]
[Date "2021.06.01"]
[WhiteClock "0:00:05"]
[BlackClock "0:00:14"]

1. d4 Nf6 2. c4 g6 3. g3 Bg7 4. Bg2 O-O 5. Nc3 d6 6. Nf3 Nc6 7. O-O Rb8 8. Bg5 a6 9. Rc1 Bd7 10. e3 h6 11. Bxf6 Bxf6 12. a3 Bg7 13. b4 e5 14. b5 Na5 15. Qa4 b6 16. dxe5 dxe5 17. Rfd1 Qc8 18. Nd5 Re8 19. Qb4 c5 20. bxc6 Nxc6 21. Qd6 Bg4 22. h3 Re6 23. Qc7 Bxf3 24. Bxf3 e4 25. Qxc8+ Rxc8 26. Be2 Ne5 27. Rb1 Nxc4 28. Rdc1 b5 29. a4 Rd8 30. axb5 axb5 31. Rxb5 Ne5 32. Nf4 Red6 33. h4 h5 34. Kf1 Bf6 35. Rcb1 Kg7 36. Rb7 R6d7 37. Rxd7 Rxd7 38. Rb6 Nf3 39. Ra6 Be5 40. Kg2 Ne1+ 41. Kh3 Nf3 42. Bxf3 exf3 43. Kh2 Rd1 44. Ra2 Bc3 45. Nh3 Rf1 46. Ng5 Be1 47. Nxf3 Rxf2+ 48. Rxf2 Bxf2 49. e4 Kf6 50. Kg2 Bb6 51. Kf1 Ke6 52. Kg2 f6 53. Kf1 Ba7 54. Ke2 Kd6 55. Kf1 Bb6 56. Ke2 Kc5 57. Kf1 Kc4 58. Ke2 Bc7 59. Kf2 Kd3 60. e5 Bxe5 61. Kg2 Ke3 62. Ng1 Bd6 63. Nh3 Be7 64. Nf4 g5 65. Nd5+ Ke4 66. Nxe7 Ke5 67. Nc6+ Ke4 68. Ne7 Ke5 69. Kf3 Ke6 70. Nc6 Kd5 71. Nd8 Ke5 72. Nf7+ Kf5 73. Nd6+ Ke5 74. Nc4+ Kd4 75. Ne3 Ke5 76. g4 hxg4+ 77. Nxg4+ Kf5 78. h5 Ke6 79. h6 Kf7 80. h7 Kg7 81. Nxf6 Kh8 82. Kg4 Kg7 83. Kxg5 Kh8 84. Kf5 Kg7 85. Kg5 Kh8 86. Kf5 Kg7 87. Ke6 Kh8 88. Ke7 Kg7 89. Ke6 Kh8 90. Kf5 1/2-1/2


[Site "https://www.chess.com"]

[Event "Titled Tuesday Blitz June 1 2021"]
[White "Martinez Alcantara, Jose Eduardo"]
[Black "Tanenbaum, Zachary"]
[WhiteFideId "3805662"]
[BlackFideId "2060850"]
[WhiteElo "2690"]
[BlackElo "2165"]
[Result "1-0"]
[Round "06"]
[TimeControl "180+1"]
[Date "2021.06.01"]
[WhiteClock "0:00:24"]
[BlackClock "0:00:03"]

1. e4 e5 2. Nf3 Nc6 3. Bb5 a6 4. Ba4 d6 5. c3 Nf6 6. d3 Be7 7. O-O O-O 8. Re1 b5 9. Bb3 Nb8 10. Nbd2 Nbd7 11. Nf1 Bb7 12. Bg5 Re8 13. h3 d5 14. Ng3 c5 15. Bxf6 Nxf6 16. Nxe5 Bd6 17. d4 Bxe5 18. dxe5 Rxe5 19. f4 Re8 20. e5 Ne4 21. Bxd5 Bxd5 22. Nxe4 Bxe4 23. Rxe4 f6 24. Qe2 Qe7 25. e6 f5 26. Re5 g6 27. Rd1 Rad8 28. Rdd5 Rxd5 29. Rxd5 c4 30. Re5 Rd8 31. Kh2 Rd3 32. Qf2 Kg7 33. Re2 Rd6 34. Qc5 Kg8 35. Qxd6 Qxd6 36. e7 Qxf4+ 37. g3 1-0


[Site "https://www.chess.com"]

[Event "Titled Tuesday Blitz June 1 2021"]
[White "Oparin, Grigoriy"]
[Black "Manafov, Vugar"]
[WhiteFideId "24125890"]
[BlackFideId "13410814"]
[WhiteElo "2628"]
[BlackElo "2274"]
[Result "1/2-1/2"]
[Round "06"]
[TimeControl "180+1"]
[Date "2021.06.01"]
[WhiteClock "0:00:08"]
[BlackClock "0:00:08"]

1. f4 Nf6 2. Nf3 g6 3. g3 Bg7 4. Bg2 O-O 5. O-O d6 6. d3 Nc6 7. e4 e5 8. Nc3 exf4 9. Bxf4 Nh5 10. Bg5 f6 11. Be3 f5 12. Qd2 fxe4 13. Nxe4 Bf5 14. Nh4 Bxe4 15. Bxe4 Ne5 16. d4 Ng4 17. Bg5 Qd7 18. Bxb7 Rab8 19. Bd5+ Kh8 20. c3 Rxf1+ 21. Rxf1 Qb5 22. Bf3 Nxh2 23. Qxh2 Qxg5 24. Bxh5 Qxh5 25. Qf2 Qg5 26. Ng2 Rf8 27. Qe1 Rxf1+ 28. Kxf1 Qf5+ 29. Kg1 h5 30. Nh4 Qc2 31. Qf2 Qb1+ 32. Kh2 Kh7 33. a3 a5 34. a4 Qa2 35. Qe2 Bf6 36. Ng2 Qxa4 37. Nf4 Qd7 38. Ne6 Qe7 39. Qe4 h4 40. g4 Kh6 41. Kh3 Bg5 42. d5 Qf6 43. Kg2 Bc1 44. b3 Qxc3 45. Qf3 Qxf3+ 46. Kxf3 Bd2 47. Kg2 g5 48. Kf3 Kg6 49. Nxc7 Kf6 50. Ke4 h3 51. Kf3 h2 52. Kg2 Bf4 53. Na8 Ke5 54. Nb6 Kd4 55. Kh1 Kc3 56. Nc4 a4 57. Nxd6 Bxd6 58. bxa4 Kb4 59. Kg2 Kxa4 60. Kh1 Kb4 61. Kg2 Kc4 62. Kh1 Kxd5 63. Kg2 Ke4 64. Kh1 Kf3 1/2-1/2


[Site "https://www.chess.com"]

[Event "Titled Tuesday Blitz June 1 2021"]
[White "Perez Ponsa, Federico"]
[Black "Can, Emre"]
[WhiteFideId "117927"]
[BlackFideId "6302181"]
[WhiteElo "2672"]
[BlackElo "2503"]
[Result "1-0"]
[Round "06"]
[TimeControl "180+1"]
[Date "2021.06.01"]
[WhiteClock "0:00:07"]
[BlackClock "0:00:29"]

1. e4 c5 2. Nf3 d6 3. Bb5+ Bd7 4. Bxd7+ Qxd7 5. c4 Nf6 6. Nc3 g6 7. O-O Bg7 8. d3 O-O 9. h3 Nc6 10. Be3 a6 11. Qd2 Rab8 12. Rfe1 b5 13. Rad1 Rfd8 14. b3 e6 15. Bh6 Bh8 16. Qc1 Qc7 17. Bg5 Re8 18. Bf4 Nd7 19. Ne2 Nde5 20. Nxe5 Nxe5 21. Be3 Nc6 22. Ng3 a5 23. h4 a4 24. h5 Nd4 25. hxg6 hxg6 26. Bxd4 Bxd4 27. Ne2 Be5 28. Qe3 Kg7 29. f4 Bf6 30. g3 axb3 31. axb3 bxc4 32. dxc4 Rh8 33. Kg2 Qb6 34. Rd3 Rh7 35. Ng1 Bd4 36. Qe2 Bxg1 37. Rxg1 Rbh8 38. Kf3 Qb7 39. Qb2+ f6 40. Rxd6 Rh2 41. Qc3 Re2 42. Kxe2 Qxe4+ 43. Kf1 Rh2 44. Rd7+ Kg8 45. Qd3 Qxd3+ 46. Rxd3 Rb2 47. Re3 Kf7 48. Rg2 Rb1+ 49. Kf2 g5 50. fxg5 fxg5 51. g4 Kf6 52. Kf3 e5 53. Rge2 Rf1+ 54. Kg2 1-0


[Site "https://www.chess.com"]

[Event "Titled Tuesday Blitz June 1 2021"]
[White "Quparadze, Giga"]
[Black "Sumets, Andrey"]
[WhiteFideId "13602250"]
[BlackFideId "14105500"]
[WhiteElo "2658"]
[BlackElo "2619"]
[Result "0-1"]
[Round "06"]
[TimeControl "180+1"]
[Date "2021.06.01"]
[WhiteClock "0:01:21"]
[BlackClock "0:00:54"]

1. e4 e6 2. d4 d5 3. Nd2 c5 4. Ngf3 Nf6 5. exd5 Nxd5 6. dxc5 Bxc5 7. Ne4 Be7 8. c3 O-O 9. Bd3 Nd7 10. Qe2 Qc7 11. O-O b6 12. Nd4 Bb7 13. Bc2 Rad8 14. Re1 N7f6 15. Bg5 h6 16. Nxf6+ Bxf6 17. Bxf6 Nxf6 18. Qe5 Qc8 19. Qg3 Rd5 20. Re5 Rxd4 21. cxd4 Qxc2 22. Qb3 Rc8 23. h3 Bd5 24. Qa3 a5 25. Re3 Ne4 26. f3 Qf2+ 27. Kh2 Rc2 0-1


[Site "https://www.chess.com"]

[Event "Titled Tuesday Blitz June 1 2021"]
[White "Sonis, Francesco"]
[Black "Kuzubov, Yuriy"]
[WhiteFideId "895733"]
[BlackFideId "14112906"]
[WhiteElo "2373"]
[BlackElo "2577"]
[Result "1-0"]
[Round "06"]
[TimeControl "180+1"]
[Date "2021.06.01"]
[WhiteClock "0:00:24"]
[BlackClock "0:00:03"]

1. d4 Nf6 2. c4 e6 3. Nf3 d5 4. g3 Bb4+ 5. Bd2 Bd6 6. Qc2 O-O 7. Bg2 Ne4 8. O-O c6 9. Nc3 Nxd2 10. Qxd2 Nd7 11. e4 dxc4 12. Qe2 b5 13. e5 Be7 14. Nd2 Bb7 15. Nxb5 cxb5 16. Bxb7 Rb8 17. Be4 Nb6 18. Nf3 b4 19. h4 Qd7 20. Rad1 Rbc8 21. Bc2 Qd5 22. Ng5 g6 23. Be4 Qa5 24. Qg4 c3 25. bxc3 bxc3 26. h5 Bxg5 27. Qxg5 Rc7 28. h6 f5 29. Bc2 Qxa2 30. Bd3 c2 31. Ra1 Qb3 32. Qd2 Qc3 33. Qe2 Rfc8 34. Rfc1 Qxd4 35. Ra2 Nd7 36. Ba6 Rd8 37. Raxc2 Rxc2 38. Rxc2 Nxe5 39. Rc7 Ng4 40. Qxe6+ Kh8 41. Qa2 Nxh6 42. Be2 Qe5 43. Qxa7 Ng4 44. Rxh7+ Kg8 45. Qf7# 1-0


[Site "https://www.chess.com"]

[Event "Titled Tuesday Blitz June 1 2021"]
[White "Triapishko, Alexandr"]
[Black "Willychess95"]
[WhiteFideId "14122286"]
[WhiteElo "2490"]
[BlackElo "2651"]
[Result "1-0"]
[Round "06"]
[TimeControl "180+1"]
[Date "2021.06.01"]
[WhiteClock "0:00:54"]
[BlackClock "0:00:10"]

1. Nf3 c5 2. c4 Nc6 3. Nc3 g6 4. e3 Bg7 5. d4 cxd4 6. exd4 d6 7. d5 Ne5 8. Nxe5 Bxe5 9. Bd3 Bd7 10. O-O Qb6 11. a4 a5 12. Ra3 Nf6 13. Rb3 Qc7 14. h3 Bf5 15. Nb5 Qc8 16. f4 Bxd3 17. Qxd3 Nd7 18. fxe5 Nc5 19. Qf3 Nxb3 20. Nxd6+ 1-0


[Site "https://www.chess.com"]

[Event "Titled Tuesday Blitz June 1 2021"]
[White "Urazayev, Arystanbek"]
[Black "Nesterov, Arseniy"]
[WhiteFideId "13709810"]
[BlackFideId "24198455"]
[WhiteElo "2321"]
[BlackElo "2441"]
[Result "1-0"]
[Round "06"]
[TimeControl "180+1"]
[Date "2021.06.01"]
[WhiteClock "0:01:17"]
[BlackClock "0:00:04"]

1. d4 d5 2. c4 e6 3. Nc3 c5 4. cxd5 exd5 5. e3 Nc6 6. Nf3 Nf6 7. Bb5 a6 8. Bxc6+ bxc6 9. O-O Bd6 10. dxc5 Bxc5 11. Na4 Bd6 12. b3 O-O 13. Bb2 Ne4 14. Rc1 Bd7 15. Be5 Ba3 16. Rc2 Re8 17. Bf4 Rc8 18. Ne5 Nf6 19. Qd4 c5 20. Nxc5 Bf5 21. Nb7 Qe7 22. Rxc8 Rxc8 23. Na5 Qc5 24. Qxc5 Rxc5 25. Nac6 Rc2 26. Nd4 Rxa2 27. Nxf5 Ne4 28. Nd4 f6 29. Nec6 g5 30. Bg3 h5 31. h4 Nxg3 32. fxg3 Bd6 33. Nf5 Bc5 34. Rd1 1-0


[Site "https://www.chess.com"]

[Event "Titled Tuesday Blitz June 1 2021"]
[White "Willow, Jonah B"]
[Black "Vazquez, Guillermo"]
[WhiteFideId "438804"]
[BlackFideId "3702308"]
[WhiteElo "2261"]
[BlackElo "2536"]
[Result "1-0"]
[Round "06"]
[TimeControl "180+1"]
[Date "2021.06.01"]
[WhiteClock "0:00:53"]
[BlackClock "0:00:44"]

1. e4 c6 2. d4 d5 3. Nc3 dxe4 4. Nxe4 Nf6 5. Nxf6+ exf6 6. c3 Bd6 7. Bd3 O-O 8. Qc2 Re8+ 9. Ne2 h5 10. Be3 Nd7 11. O-O-O b5 12. Kb1 Nb6 13. Nf4 Bxf4 14. Bxf4 Be6 15. Rhe1 a5 16. Bf5 Qd5 17. Bxe6 Rxe6 18. Rxe6 Qxe6 19. Qd3 Re8 20. Bc7 Nd5 21. Bxa5 Ra8 22. b4 Re8 23. Kb2 Qg4 24. g3 Re2+ 25. Rd2 Re1 26. c4 bxc4 27. Qxc4 Qe4 28. Rc2 Rd1 29. a4 h4 30. gxh4 Qxh4 31. b5 Rxd4 32. Qxc6 Rxa4 33. Qxd5 Rxa5 34. Qd8+ 1-0


[Site "https://www.chess.com"]

[Event "Titled Tuesday Blitz June 1 2021"]
[White "Zhigalko, Sergei"]
[Black "Shapkin, Anatoliy"]
[WhiteFideId "13502956"]
[BlackFideId "34108332"]
[WhiteElo "2662"]
[BlackElo "2223"]
[Result "1-0"]
[Round "06"]
[TimeControl "180+1"]
[Date "2021.06.01"]
[WhiteClock "0:00:50"]
[BlackClock "0:02:04"]

1. e4 e5 2. Nf3 Nc6 3. Bc4 Bc5 4. b4 Bb6 5. a4 a6 6. Nc3 Nf6 7. Nd5 Nxd5 8. exd5 Nd4 9. a5 Ba7 10. d6 O-O 11. O-O Nf5 12. dxc7 Qxc7 13. Bb3 d6 14. Bb2 Be6 15. Bxe6 fxe6 16. d4 exd4 17. Nxd4 Nxd4 18. Bxd4 Bxd4 19. Qxd4 d5 20. Rfe1 Rf4 21. Qd2 Rc8 22. Rxe6 Qxc2 23. Qxf4 1-0


[Site "https://www.chess.com"]

[Event "Titled Tuesday Blitz June 1 2021"]
[White "Zierk, Steven"]
[Black "Nakamura, Hikaru"]
[WhiteFideId "2034255"]
[BlackFideId "2016192"]
[WhiteElo "2502"]
[BlackElo "2900"]
[Result "0-1"]
[Round "06"]
[TimeControl "180+1"]
[Date "2021.06.01"]
[WhiteClock "0:00:18"]
[BlackClock "0:00:34"]

1. e4 c5 2. Nf3 d6 3. d4 cxd4 4. Nxd4 Nf6 5. f3 e5 6. Nb3 a5 7. Nc3 Be6 8. Bb5+ Nbd7 9. Be3 Be7 10. O-O O-O 11. Nd5 Bxd5 12. exd5 a4 13. Nc1 Nb6 14. c4 Qc7 15. Qe2 Rfc8 16. Nd3 Qd8 17. Rfc1 Nfd7 18. b4 axb3 19. axb3 Bg5 20. Qd2 Bxe3+ 21. Qxe3 Nf6 22. Qe1 Nbxd5 23. Kh1 Nc7 24. Ba4 Ne6 25. c5 Nxc5 26. Nxc5 Rxc5 27. Rxc5 dxc5 28. Qxe5 Qd4 29. Qxd4 cxd4 30. Rd1 g6 31. Kg1 Ra5 32. Rc1 d3 33. Kf2 Re5 34. Re1 d2 35. Rd1 b5 36. Rxd2 bxa4 37. bxa4 Ra5 38. Rd4 Nd5 39. Rd2 Nb6 40. Rb2 Nxa4 41. Ra2 Ra6 0-1


[Site "https://www.chess.com"]

[Event "Titled Tuesday Blitz June 1 2021"]
[White "Abdusattorov, Nodirbek"]
[Black "Moskalenko, Alexander"]
[WhiteFideId "14204118"]
[BlackFideId "4155351"]
[WhiteElo "2662"]
[BlackElo "2495"]
[Result "0-1"]
[Round "07"]
[TimeControl "180+1"]
[Date "2021.06.01"]
[WhiteClock "0:00:23"]
[BlackClock "0:00:56"]

1. e4 e6 2. d4 d5 3. Nd2 c5 4. exd5 Qxd5 5. Ngf3 cxd4 6. Bc4 Qd6 7. O-O Nc6 8. Re1 Nf6 9. Ne4 Nxe4 10. Rxe4 Be7 11. Nxd4 e5 12. Bf4 exf4 13. Nxc6 Qxd1+ 14. Rxd1 bxc6 15. Rde1 Kf8 16. Rxe7 Be6 17. R1xe6 fxe6 18. Rc7 g6 19. Kf1 Re8 20. Rxc6 Kf7 21. b4 Kf6 22. Ke2 Re7 23. a4 Rd8 24. b5 Ke5 25. c3 Rdd7 26. Rc5+ Kd6 27. Rc6+ Ke5 28. Rc5+ Kd6 29. Rg5 Rc7 30. Kd3 Rc5 31. Rxc5 Kxc5 32. Bb3 Rd7+ 33. Ke4 Rd2 34. Kxf4 Rxf2+ 35. Kg3 Re2 36. Kf3 Re1 37. Kf2 Rc1 38. Bxe6 Rxc3 39. Bd7 Rd3 40. Be8 Ra3 41. h4 Rxa4 42. Kg3 Rb4 43. Bd7 Rxb5 44. Bxb5 Kxb5 45. Kf4 a5 46. Kg5 a4 47. Kh6 a3 48. Kxh7 a2 49. Kxg6 a1=Q 50. g4 Qh8 51. h5 Qg8+ 52. Kf5 Qf8+ 53. Kg6 Qg8+ 54. Kf5 Qf7+ 55. Kg5 Qg7+ 56. Kf5 Qh6 57. g5 Qxh5 58. Kf6 Qh8+ 59. Kf7 Qh7+ 60. Kf6 Qg8 61. g6 Kc6 62. g7 Kd7 0-1


[Site "https://www.chess.com"]

[Event "Titled Tuesday Blitz June 1 2021"]
[White "Andreikin, Dmitry"]
[Black "Dobrov, Vladimir"]
[WhiteFideId "4158814"]
[BlackFideId "4136594"]
[WhiteElo "2782"]
[BlackElo "2614"]
[Result "1-0"]
[Round "07"]
[TimeControl "180+1"]
[Date "2021.06.01"]
[WhiteClock "0:01:02"]
[BlackClock "0:01:15"]

1. e4 c6 2. Nf3 d5 3. d3 g6 4. e5 c5 5. c3 Nc6 6. d4 cxd4 7. cxd4 Bg4 8. Nbd2 Qa5 9. Be2 Bxf3 10. Bxf3 Nxd4 11. O-O Nxf3+ 12. Nxf3 e6 13. Bd2 Qa6 14. Rc1 Ne7 15. Bg5 Nc6 16. Bf6 Rg8 17. Ng5 Bh6 18. Qg4 Bxg5 19. Bxg5 Qd3 20. Rxc6 bxc6 21. Qb4 1-0


[Site "https://www.chess.com"]

[Event "Titled Tuesday Blitz June 1 2021"]
[White "Asis Gargatagli, Hipolito"]
[Black "Odegov, Artem"]
[WhiteFideId "2260735"]
[BlackFideId "34183644"]
[WhiteElo "2557"]
[BlackElo "2270"]
[Result "1-0"]
[Round "07"]
[TimeControl "180+1"]
[Date "2021.06.01"]
[WhiteClock "0:01:03"]
[BlackClock "0:00:05"]

1. e4 e6 2. d4 d5 3. Nd2 Nc6 4. Ngf3 Nf6 5. e5 Nd7 6. Bd3 Nb4 7. Be2 c5 8. c3 Nc6 9. Bd3 cxd4 10. cxd4 Qb6 11. O-O Nxd4 12. Nxd4 Qxd4 13. Nf3 Qb6 14. a3 Be7 15. Be3 Qd8 16. Rc1 O-O 17. Qc2 f5 18. exf6 Nxf6 19. Bd4 h6 20. Qe2 Bd6 21. Bb1 Bd7 22. Ne5 Rc8 23. Bxa7 Rxc1 24. Rxc1 Bxe5 25. Qxe5 Ng4 26. Qg3 e5 27. h3 Qa5 28. Bc5 Qd2 29. Rf1 Nf6 30. Bxf8 Kxf8 31. Qxe5 Kf7 32. Qc3 Qg5 33. Re1 Qh5 34. Qe5 Kg8 35. Qxh5 Nxh5 36. Re7 Bc6 37. Bg6 Nf6 38. Bd3 d4 39. Bc4+ Kf8 40. Rf7+ Ke8 41. Rxg7 Ne4 42. Rg4 Nd2 43. Rxd4 Nxc4 44. Rxc4 Kf7 45. b4 Kg6 46. Rc5 h5 47. g4 hxg4 48. hxg4 Bf3 49. g5 b6 50. Re5 b5 51. Kh2 Bd1 52. Kg3 Ba4 53. f4 Bc2 54. Rxb5 Kg7 55. f5 Bb1 56. Kf4 Ba2 57. Rb7+ Kg8 58. g6 Bd5 59. Rc7 Kh8 60. f6 Bg8 61. b5 Bd5 62. b6 Bg8 63. a4 Bf7 64. gxf7 Kh7 65. f8=Q+ Kg6 66. Rg7+ Kh5 67. Qh8# 1-0


[Site "https://www.chess.com"]

[Event "Titled Tuesday Blitz June 1 2021"]
[White "Balakrishnan, Praveen"]
[Black "Jakubowski, Krzysztof"]
[WhiteFideId "2064871"]
[BlackFideId "1112848"]
[WhiteElo "2809"]
[BlackElo "2602"]
[Result "1-0"]
[Round "07"]
[TimeControl "180+1"]
[Date "2021.06.01"]
[WhiteClock "0:00:12"]
[BlackClock "0:00:02"]

1. b4 e5 2. Bb2 f6 3. b5 a6 4. e4 Nh6 5. a4 axb5 6. axb5 Rxa1 7. Bxa1 d5 8. exd5 Qxd5 9. Nc3 Qf7 10. Nf3 Be7 11. d4 exd4 12. Qxd4 Be6 13. Qa7 O-O 14. Qxb7 Bb4 15. Qe4 Qe7 16. Bd3 f5 17. Qe2 Re8 18. O-O Qc5 19. Na4 Qa7 20. Qe5 Bf8 21. Nc3 Nd7 22. Qg3 Nc5 23. Be2 Ng4 24. Nd1 Bd6 25. Qh4 Be7 26. Qg3 Ne4 27. Qf4 Bd6 28. Qc1 Bc5 29. Qb2 Re7 30. Nd4 Bd7 31. Bxg4 fxg4 32. Ne3 h5 33. Ndf5 Bxf5 34. Nxf5 Rf7 35. Nh6+ Kf8 36. Nxf7 Bxf2+ 37. Kh1 Kxf7 38. Qxg7+ Ke6 39. Qg6+ Kd5 40. Qf5+ 1-0


[Site "https://www.chess.com"]

[Event "Titled Tuesday Blitz June 1 2021"]
[White "Baskin, Robert"]
[Black "Sadhwani, Raunak"]
[WhiteFideId "24662402"]
[BlackFideId "35093487"]
[WhiteElo "2580"]
[BlackElo "2983"]
[Result "0-1"]
[Round "07"]
[TimeControl "180+1"]
[Date "2021.06.01"]
[WhiteClock "0:00:02"]
[BlackClock "0:00:07"]

1. d4 c5 2. d5 e5 3. e4 d6 4. Nc3 a6 5. a4 Be7 6. g3 h5 7. h4 Bg4 8. f3 Bd7 9. Bh3 Bf6 10. Bxd7+ Nxd7 11. Nh3 b6 12. Be3 Ne7 13. Qe2 Ng6 14. O-O Qe7 15. Rfb1 O-O 16. Rf1 Rfe8 17. Rf2 Ngf8 18. Raf1 g6 19. Rg2 Bg7 20. g4 hxg4 21. fxg4 Nh7 22. g5 Ndf8 23. h5 Ra7 24. Nf2 Qd8 25. Ng4 Nxg5 26. Bxg5 Qxg5 27. Nf6+ Bxf6 28. Rxg5 Bxg5 29. Qg4 f6 30. hxg6 Nxg6 31. Ne2 Rg7 32. Ng3 Be3+ 33. Kh2 Nf4 34. Qxg7+ Kxg7 35. Nf5+ Kg6 36. Nxe3 Rh8+ 37. Kg3 Rh3+ 38. Kf2 Rh2+ 39. Kf3 Rh3+ 40. Kf2 Rh2+ 41. Kf3 Kf7 42. Nf5 Rxc2 43. Rg1 Nh3 44. Nxd6+ Kf8 45. Kg4 Ng5 46. Kf5 Rf2+ 47. Kg6 Ke7 48. Nf5+ Kd7 49. Rh1 Nxe4 50. Rh7+ Kd8 51. d6 b5 52. axb5 axb5 53. Rh8+ Kd7 54. Rh7+ Kd8 55. Rh8+ Kd7 56. Rh7+ Kc6 57. Ne7+ Kxd6 58. Nc8+ Kc6 59. Ne7+ Kb6 60. Nd5+ Kc6 61. Ne7+ Kd6 62. Nc8+ Kd5 63. Rd7+ Kc4 64. Nb6+ Kb3 65. Nd5 Rd2 66. Nxf6 Rg2+ 67. Kf5 Nxf6 68. Kxf6 Rxb2 69. Kxe5 c4 70. Rb7 b4 71. Kd4 c3 72. Kc5 Kc2 73. Kc4 Rb1 74. Rh7 Kb2 0-1


[Site "https://www.chess.com"]